Workbook

Sheet resumo
B2: RECEITAS | E2: DESPESAS | H2: DIFERENÇA
B4: RECEITAS DE CUSTEIO | C4: =SUM(C6:C18)+0.3 -> 4400565.5 | E4: DESPESAS DE CUSTEIO | F4: =SUM(F6:F16) -> 4457853.9 | H4: =C4-F4 -> -57288.463 | I4: =F4-Budget!D51 -> 0
B6: RECEITAS SOCIAIS | C6: =D7+D8 -> 3349565.2 | E6: ADMINISTRATIVAS | F6: =SUM(G7:G11) -> 3045993.9 | H6: =C6-F6 -> 303571.24
B7: CONTRIBUIÇÕES SOCIAIS | D7: =Budget!D11 -> 2287141.7 | E7: PESSOAL | G7: =Budget!D54 -> 1676880
B8: RECEITAS DE SERVIÇOS DIVERSOS | D8: =Budget!D16 -> 1062423.4 | E8: OPERACIONAIS | G8: =Budget!D67+Budget!D69+Budget!D77+Budget!D84+Budget!D153 -> 975655.29
E9: MANUTENÇÃO | G9: =Budget!D157 -> 276000
B10: =D7+SUM(Budget!B17:B20) -> 3168920.7 | E10: IMPOSTOS E TAXAS | G10: =Budget!D163 -> 35738.64
E11: ASSOCIAÇÕES | G11: =Budget!D109 -> 81720
B13: ESCOLA DE VELA | C13: =Budget!D25 -> 650000 | F13: =Budget!D115 -> 650000 | H13: =C13-F13 -> 0
B14: DIRETORIA DE VELA | C14: =Budget!D38 -> 251000 | F14: =Budget!D134 -> 631860 | H14: =C14-F14 -> -380860
B15: DIRETORIA SOCIAL | C15: =Budget!D45 -> 80000 | F15: =Budget!D94 -> 130000 | H15: =C15-F15 -> -50000
H16: =C16-F16 -> 0
B18: RECEITAS FINANCEIRAS | C18: =Budget!D30 -> 70000 | H18: =C18-F11 -> 70000
B21: REAJUSTE NA MENSALIDADE | C21: 0.115
B22: DEFICIT DO PERÍODO | C22: =H4 -> -57288.463
B23: SOBRA DE CAIXA 2021 | C23: 900000
B24: RECEITAS EVENTUAIS | C24: =Budget!D32 -> 425559.56 | D24: (Títulos novos sócio, eventos restaurante)
B25: TOTAL DE RECURSOS | C25: =SUM(C22:C24) -> 1268271.1
F26: 2022 | G26: 2023 | H26: 2024
B27: CAIXA MÍNIMO | C27: 600000
B28: DISPONIBILIDADE P/INVESTIMENTOS | C28: =C25-C27 -> 668271.1 | E28: INVESTIMENTOS | F28: 767500 | G28: 630000 | H28: 273000

Sheet Budget
B2: Proposta 2021 | C2: Proposta mensal 2022 | D2: Proposta 2022 - anual | E2: Variação 22/21 | F2: 44562 | G2: 44593 | H2: 44621 | I2: 44652 | J2: 44682 | K2: 44713 | L2: 44743 | M2: % | N2: 44774 | O2: % | P2: 44805 | Q2: % | R2: 44835 | S2: % | T2: 44866 | U2: % | V2: 44896 | W2: % | X2: Total 2022 | Y2: %
A6: RECEITAS | B6: 4233645.4 | C6: 402171.6 | D6: =D8+D32 -> 4826124.7 | E6: =IFERROR((D6/B6)-1,0) -> 0.13994542 | F6: =F8+F32 -> 329386.28 | G6: =G8+G32 -> 437075.11 | H6: =H8+H32 -> 401672.83 | I6: =I8+I32 -> 494155.45 | J6: =J8+J32 -> 464165.14 | K6: =K8+K32 -> 512464.2 | L6: =L8+L32 -> 446052.24 | M6: =L6/C6 -> 1.1091092 | N6: =N8+N32 -> 464897.11 | O6: =N6/$C6 -> 1.155967 | P6: =P8+P32 -> 475523.38 | Q6: =P6/$C6 -> 1.1823892 | R6: =R8+R32 -> 382128.7 | S6: =R6/$C6 -> 0.9501633 | T6: =T8+T32 -> 409360.78 | U6: =T6/$C6 -> 1.0178759 | V6: =V8+V32 -> 0 | W6: =V6/I6 -> 0 | X6: =X8+X32 -> 4816881.2 | Y6: =X6/D6 -> 0.99808469
A8: RECEITAS DE CUSTEIO | B8: 4081894.4 | C8: 366708.31 | D8: =D10+D25+D30+D38+D45 -> 4400565.2 | E8: =IFERROR((D8/B8)-1,0) -> 0.078069323 | F8: =F10+F25+F30+F38+F45 -> 307466.47 | G8: =G10+G25+G30+G38+G45 -> 402491.3 | H8: =H10+H25+H30+H38+H45 -> 377900.02 | I8: =I10+I25+I30+I38+I45 -> 460827.64 | J8: =J10+J25+J30+J38+J45 -> 397044.33 | K8: =K10+K25+K30+K38+K45 -> 485906.39 | L8: =L10+L25+L30+L38+L45 -> 362160.43 | M8: =L8/C8 -> 0.98759812 | N8: =N10+N25+N30+N38+N45 -> 403154.31 | O8: =N8/C8 -> 1.0993869 | P8: =P10+P25+P30+P38+P45 -> 413883.57 | Q8: =P8/$C8 -> 1.1286452 | R8: =R10+R25+R30+R38+R45 -> 381394.89 | S8: =R8/$C8 -> 1.0400498 | T8: =T10+T25+T30+T38+T45 -> 374147.97 | U8: =T8/$C8 -> 1.0202877 | V8: =V10+V25+V30+V38+V45 -> 0 | W8: =V8/I8 -> 0 | X8: =X10+X25+X30+X38+X45 -> 4366377.3 | Y8: =X8/D8 -> 0.99223103
A10: CONTRIBUIÇÕES SOCIAIS | B10: 3127463.7 | C10: 279124.97 | D10: =D11+D16 -> 3349565.2 | E10: =IFERROR((D10/B10)-1,0) -> 0.07101648 | F10: =F11+F16 -> 274317.19 | G10: =G11+G16 -> 269393.2 | H10: =H11+H16 -> 271737 | I10: =I11+I16 -> 313554.52 | J10: =J11+J16 -> 271976.3 | K10: =K11+K16 -> 269252.91 | L10: =L11+L16 -> 267457.62 | M10: =L10/C10 -> 0.95820027 | N10: =N11+N16 -> 300817.27 | O10: =N10/C10 -> 1.0777153 | P10: =P11+P16 -> 290709.14 | Q10: =P10/$C10 -> 1.0415017 | R10: =R11+R16 -> 286956.73 | S10: =R10/$C10 -> 1.0280582 | T10: =T11+T16 -> 279315.88 | U10: =T10/$C10 -> 1.0006839 | V10: =V11+V16 -> 0 | W10: =V10/C10 -> 0 | X10: =X11+X16 -> 3095487.8 | Y10: =X10/D10 -> 0.92414615
A11: RECEITAS SOCIAIS | B11: 2149282.9 | C11: 190589.69 | D11: =SUM(D12:D15) -> 2287141.7 | E11: =IFERROR((D11/B11)-1,0) -> 0.064141758 | F11: =SUM(F12:F15) -> 192839.42 | G11: =SUM(G12:G15) -> 190435.3 | H11: =SUM(H12:H15) -> 191291.75 | I11: =SUM(I12:I15) -> 192126.47 | J11: =SUM(J12:J15) -> 189879.41 | K11: =SUM(K12:K15) -> 190271.72 | L11: =SUM(L12:L15) -> 190193.26 | M11: =L11/C11 -> 0.99791996 | N11: =SUM(N12:N15) -> 195101.39 | O11: =N11/C11 -> 1.0236723 | P11: =SUM(P12:P15) -> 195390.2 | Q11: =P11/$C11 -> 1.0251876 | R11: =SUM(R12:R15) -> 195757.37 | S11: =R11/$C11 -> 1.0271142 | T11: =SUM(T12:T15) -> 192333.47 | U11: =T11/$C11 -> 1.0091494 | V11: =SUM(V12:V15) -> 0 | W11: =V11/I11 -> 0 | X11: =SUM(X12:X15) -> 2115619.7 | Y11: =X11/D11 -> 0.92500596
A12: Mensalidade de Sócios | B12: 2211010.3 | C12: =D12/12 -> 195656.87 | D12: =Mensalidades!E12 -> 2347882.4 | E12: =(D12/B12)-1 -> 0.061904762 | F12: 199820.32 | G12: 198150.75 | H12: 196397.86 | I12: 196397.86 | J12: 194895.37 | K12: 195312.72 | L12: 195229.25 | M12: =L12/C12 -> 0.99781446 | N12: 196898.67 | O12: =N12/C12 -> 1.0063468 | P12: 197649.91 | Q12: =P12/$C12 -> 1.0101864 | R12: 198484.52 | S12: =R12/$C12 -> 1.0144521 | T12: =196564.78-834.71 -> 195730.07 | U12: =T12/$C12 -> 1.0003741 | W12: =V12/I12 -> 0 | X12: =V12+T12+R12+P12+N12+L12+K12+J12+I12+H12+G12+F12 -> 2164967.3 | Y12: =X12/D12 -> 0.92209359
A13: Mensalidade de Sócio Esportista | B13: 75460.896 | C13: 6124.0892 | D13: =Mensalidades!E14 -> 80132.285 | E13: =IFERROR((D13/B13)-1,0) -> 0.061904762 | F13: 5008.32 | G13: 4173.6 | H13: 6677.76 | I13: 7512.48 | J13: 6677.76 | K13: 6677.76 | L13: 6677.76 | M13: =L13/C13 -> 1.0904087 | N13: 10016.64 | O13: =N13/C13 -> 1.635613 | P13: 9599.28 | Q13: =P13/$C13 -> 1.5674625 | R13: 9181.92 | S13: =R13/$C13 -> 1.4993119 | T13: 8347.2 | U13: =T13/$C13 -> 1.3630108 | W13: =V13/I13 -> 0 | X13: =V13+T13+R13+P13+N13+L13+K13+J13+I13+H13+G13+F13 -> 80550.48 | Y13: =X13/D13 -> 1.0052188
A14: tx de obras | B14: 0 | M14: =L14/C14 -> #DIV/0! | O14: =N14/C14 -> #DIV/0! | Q14: =P14/$C14 -> #DIV/0! | S14: =R14/$C14 -> #DIV/0! | U14: =T14/$C14 -> #DIV/0! | W14: =V14/I14 -> #DIV/0! | Y14: =X14/D14 -> #DIV/0!
A15: FUNDO PRÓ-VELA | B15: -137188.27 | C15: -11774.4 | D15: =-D12*0.06 -> -140872.94 | E15: =IFERROR((D15/B15)-1,0) -> 0.026858493 | F15: =-F12*0.06 -> -11989.219 | G15: =-G12*0.06 -> -11889.045 | H15: =-H12*0.06 -> -11783.872 | I15: =-I12*0.06 -> -11783.872 | J15: =-J12*0.06 -> -11693.722 | K15: =-K12*0.06 -> -11718.763 | L15: =-L12*0.06 -> -11713.755 | M15: =L15/C15 -> 0.99484942 | N15: =-N12*0.06 -> -11813.92 | O15: =N15/C15 -> 1.0033565 | P15: =-P12*0.06 -> -11858.995 | Q15: =P15/$C15 -> 1.0071846 | R15: =-R12*0.06 -> -11909.071 | S15: =R15/$C15 -> 1.0114376 | T15: =-T12*0.06 -> -11743.804 | U15: =T15/$C15 -> 0.9974015 | V15: =-V12*0.06 -> 0 | W15: =V15/I15 -> 0 | X15: =-X12*0.06 -> -129898.04 | Y15: =X15/D15 -> 0.92209359
A16: RECEITAS DE SERVIÇOS DIVERSOS | B16: 978180.75 | C16: 88535.286 | D16: =SUM(D17:D24) -> 1062423.4 | E16: =IFERROR((D16/B16)-1,0) -> 0.08612179 | F16: =SUM(F17:F24) -> 81477.77 | G16: =SUM(G17:G24) -> 78957.9 | H16: =SUM(H17:H24) -> 80445.25 | I16: =SUM(I17:I24) -> 121428.05 | J16: =SUM(J17:J24) -> 82096.89 | K16: =SUM(K17:K24) -> 78981.19 | L16: =SUM(L17:L24) -> 77264.37 | M16: =L16/C16 -> 0.87269578 | N16: =SUM(N17:N24) -> 105715.88 | O16: =N16/C16 -> 1.1940536 | P16: =SUM(P17:P24) -> 95318.94 | Q16: =P16/$C16 -> 1.0766209 | R16: =SUM(R17:R24) -> 91199.36 | S16: =R16/$C16 -> 1.0300905 | T16: =SUM(T17:T24) -> 86982.41 | U16: =T16/$C16 -> 0.98246038 | V16: =SUM(V17:V24) -> 0 | W16: =V16/I16 -> 0 | X16: =SUM(X17:X24) -> 979868.01 | Y16: =X16/D16 -> 0.92229518
A17: Estadia de Barcos | B17: 856800 | C17: 79611 | D17: =B17*1.115 -> 955332 | E17: =IFERROR((D17/B17)-1,0) -> 0.115 | F17: 77991.13 | G17: 75210.5 | H17: 76637.85 | I17: 76717.64 | J17: 76967.61 | K17: 74843.47 | L17: 73906.65 | M17: =L17/C17 -> 0.92834721 | N17: 74826.51 | O17: =N17/C17 -> 0.93990165 | P17: 75017.36 | Q17: =P17/$C17 -> 0.94229893 | R17: 75749.09 | S17: =R17/$C17 -> 0.95149025 | T17: 75129.2 | U17: =T17/$C17 -> 0.94370376 | W17: =V17/I17 -> 0 | X17: =V17+T17+R17+P17+N17+L17+K17+J17+I17+H17+G17+F17 -> 832997.01 | Y17: =X17/D17 -> 0.87194505
A18: Taxa de Armário (Vestiários) | B18: 10876.761 | C18: 1155.82 | D18: =C18*12 -> 13869.84 | E18: =IFERROR((D18/B18)-1,0) -> 0.27518109 | F18: 1302.16 | G18: 1333.92 | H18: 1333.92 | I18: 1333.92 | J18: 1333.92 | K18: 1365.68 | L18: 1365.68 | M18: =L18/C18 -> 1.1815681 | N18: 1333.92 | O18: =N18/C18 -> 1.1540897 | P18: 1365.68 | Q18: =P18/$C18 -> 1.1815681 | R18: 1365.68 | S18: =R18/$C18 -> 1.1815681 | T18: 1429.2 | U18: =T18/$C18 -> 1.2365247 | W18: =V18/I18 -> 0 | X18: =V18+T18+R18+P18+N18+L18+K18+J18+I18+H18+G18+F18 -> 14863.68 | Y18: =X18/D18 -> 1.0716548
A19: Taxa de Armário (Hangar) | B19: 9102.24 | C19: 1252.9032 | D19: 15034.838 | E19: =IFERROR((D19/B19)-1,0) -> 0.65177345 | F19: 1204.48 | G19: 1204.48 | H19: 1204.48 | I19: 1251.92 | J19: 1299.36 | K19: 1251.04 | L19: 1251.04 | M19: =L19/C19 -> 0.99851289 | N19: 1251.04 | O19: =N19/C19 -> 0.99851289 | P19: 1251.04 | Q19: =P19/$C19 -> 0.99851289 | R19: 1251.04 | S19: =R19/$C19 -> 0.99851289 | T19: 1250.16 | U19: =T19/$C19 -> 0.99781053 | W19: =V19/I19 -> 0 | X19: =V19+T19+R19+P19+N19+L19+K19+J19+I19+H19+G19+F19 -> 13670.08 | Y19: =X19/D19 -> 0.90922693
A20: Taxa de Bolão | B20: 5000 | C20: 0 | D20: 0 | F20: 0 | I20: 2000 | M20: =L20/C20 -> #DIV/0! | O20: =N20/C20 -> #DIV/0! | Q20: =P20/$C20 -> #DIV/0! | S20: =R20/$C20 -> #DIV/0! | U20: =T20/$C20 -> #DIV/0! | W20: =V20/I20 -> 0 | X20: =V20+T20+R20+P20+N20+L20+K20+J20+I20+H20+G20+F20 -> 2000 | Y20: =X20/D20 -> #DIV/0!
A21: Concessão Restaurante | B21: 79400 | C21: 4916.6667 | D21: 59000 | E21: =IFERROR((D21/B21)-1,0) -> -0.25692695 | F21: 0 | I21: 38603.57 | M21: =L21/C21 -> 0 | N21: 26978.41 | O21: =N21/C21 -> 5.4871342 | P21: 7626.86 | Q21: =P21/$C21 -> 1.5512258 | R21: 7755.55 | S21: =R21/$C21 -> 1.5774 | T21: 7613.85 | U21: =T21/$C21 -> 1.5485797 | W21: =V21/I21 -> 0 | X21: =V21+T21+R21+P21+N21+L21+K21+J21+I21+H21+G21+F21 -> 88578.24 | Y21: =X21/D21 -> 1.5013261
A22: Patrocinios | B22: 0 | C22: 0 | D22: 0 | F22: 0 | M22: =L22/C22 -> #DIV/0! | O22: =N22/C22 -> #DIV/0! | P22: 9200 | Q22: =P22/$C22 -> #DIV/0! | S22: =R22/$C22 -> #DIV/0! | U22: =T22/$C22 -> #DIV/0! | W22: =V22/I22 -> #DIV/0! | X22: =V22+T22+R22+P22+N22+L22+K22+J22+I22+H22+G22+F22 -> 9200 | Y22: =X22/D22 -> #DIV/0!
A23: uniformes e acessórios | B23: 6186.75 | C23: 515.5625 | D23: =B23 -> 6186.75 | E23: =IFERROR((D23/B23)-1,0) -> 0 | F23: 0 | H23: 60 | M23: =L23/C23 -> 0 | O23: =N23/C23 -> 0 | Q23: =P23/$C23 -> 0 | R23: 3990 | S23: =R23/$C23 -> 7.7391199 | U23: =T23/$C23 -> 0 | W23: =V23/I23 -> #DIV/0! | X23: =V23+T23+R23+P23+N23+L23+K23+J23+I23+H23+G23+F23 -> 4050 | Y23: =X23/D23 -> 0.6546248
A24: Convites Sociais + (Parceiros) | B24: 10815 | C24: 1083.3333 | D24: 13000 | E24: =IFERROR((D24/B24)-1,0) -> 0.20203421 | F24: 980 | G24: 1209 | H24: 1209 | I24: 1521 | J24: 2496 | K24: 1521 | L24: 741 | M24: =L24/C24 -> 0.684 | N24: 1326 | O24: =N24/C24 -> 1.224 | P24: 858 | Q24: =P24/$C24 -> 0.792 | R24: 1088 | S24: =R24/$C24 -> 1.0043077 | T24: 1560 | U24: =T24/$C24 -> 1.44 | W24: =V24/I24 -> 0 | X24: =V24+T24+R24+P24+N24+L24+K24+J24+I24+H24+G24+F24 -> 14509 | Y24: =X24/D24 -> 1.1160769
A25: RECEITAS CURSO DE VELA | B25: 547050 | C25: 54166.667 | D25: =SUM(D26:D29) -> 650000 | E25: =IFERROR((D25/B25)-1,0) -> 0.18819121 | F25: =SUM(F26:F29) -> 28201.41 | G25: =SUM(G26:G29) -> 55904.37 | H25: =SUM(H26:H29) -> 66876.38 | I25: =SUM(I26:I29) -> 64688.84 | J25: =SUM(J26:J29) -> 76900.79 | K25: =SUM(K26:K29) -> 103277.58 | L25: =SUM(L26:L29) -> 59195.99 | M25: =L25/C25 -> 1.092849 | N25: =SUM(N26:N29) -> 52008.9 | O25: =N25/C25 -> 0.96016431 | P25: =SUM(P26:P29) -> 50092.56 | Q25: =P25/$C25 -> 0.92478572 | R25: =SUM(R26:R29) -> 51438.29 | S25: =R25/$C25 -> 0.94962997 | T25: =SUM(T26:T29) -> 43246.34 | U25: =T25/$C25 -> 0.79839397 | V25: =SUM(V26:V29) -> 0 | W25: =V25/I25 -> 0 | X25: =SUM(X26:X29) -> 651831.45 | Y25: =X25/D25 -> 1.0028176
A26: curso de vela | B26: 330750 | C26: 35416.667 | D26: 425000 | E26: =IFERROR((D26/B26)-1,0) -> 0.28495843 | F26: =1500.17 -> 1500.17 | G26: =37215+12260 -> 49475 | H26: =44264.82+15340 -> 59604.82 | I26: =42225+15470 -> 57695 | J26: =40002.5+9000+13895 -> 62897.5 | K26: =38170+1200+12330 -> 51700 | M26: =L26/C26 -> 0 | N26: =25450+11090 -> 36540 | O26: =N26/C26 -> 1.0317176 | P26: =33305+85+10060 -> 43450 | Q26: =P26/$C26 -> 1.2268235 | R26: =24465+9720+2200 -> 36385 | S26: =R26/$C26 -> 1.0273412 | T26: =24030+8940 -> 32970 | U26: =T26/$C26 -> 0.93091765 | W26: =V26/I26 -> 0 | X26: =V26+T26+R26+P26+N26+L26+K26+J26+I26+H26+G26+F26 -> 432217.49 | Y26: =X26/D26 -> 1.0169823
A27: curso de vela adulto/arrais | B27: 126000 | C27: 8333.3333 | D27: 100000 | E27: =IFERROR((D27/B27)-1,0) -> -0.20634921 | F27: =5228.35 -> 5228.35 | G27: =5920 -> 5920 | H27: 6630 | I27: =5907.5 -> 5907.5 | J27: =8180+1200 -> 9380 | K27: =3520 -> 3520 | L27: =4150 -> 4150 | M27: =L27/C27 -> 0.498 | N27: =8895+1480 -> 10375 | O27: =N27/C27 -> 1.245 | P27: =4450+1480 -> 5930 | Q27: =P27/$C27 -> 0.7116 | R27: =8475+3620 -> 12095 | S27: =R27/$C27 -> 1.4514 | T27: =7490 -> 7490 | U27: =T27/$C27 -> 0.8988 | W27: =V27/I27 -> 0 | X27: =V27+T27+R27+P27+N27+L27+K27+J27+I27+H27+G27+F27 -> 76625.85 | Y27: =X27/D27 -> 0.7662585
A28: aluguel de barcos para a escola de vela | B28: 11550 | C28: 416.66667 | D28: 5000 | E28: =IFERROR((D28/B28)-1,0) -> -0.56709957 | F28: 64.39 | G28: 1289.37 | H28: 641.56 | I28: 1086.34 | J28: 1708.29 | K28: 128.78 | L28: 1255.99 | M28: =L28/C28 -> 3.014376 | N28: =1093.9+1900 -> 2993.9 | O28: =N28/C28 -> 7.18536 | P28: 712.56 | Q28: =P28/$C28 -> 1.710144 | R28: 2958.29 | S28: =R28/$C28 -> 7.099896 | T28: 1736.34 | U28: =T28/$C28 -> 4.167216 | W28: =V28/I28 -> 0 | X28: =V28+T28+R28+P28+N28+L28+K28+J28+I28+H28+G28+F28 -> 14575.81 | Y28: =X28/D28 -> 2.915162
A29: acampamento | B29: 78750 | C29: 10000 | D29: 120000 | E29: =IFERROR((D29/B29)-1,0) -> 0.52380952 | F29: =23038.5-1630 -> 21408.5 | G29: -780 | H29: 0 | J29: 2915 | K29: 47928.8 | L29: 53790 | M29: =L29/C29 -> 5.379 | N29: 2100 | O29: =N29/C29 -> 0.21 | Q29: =P29/$C29 -> 0 | S29: =R29/$C29 -> 0 | T29: 1050 | U29: =T29/$C29 -> 0.105 | W29: =V29/I29 -> #DIV/0! | X29: =V29+T29+R29+P29+N29+L29+K29+J29+I29+H29+G29+F29 -> 128412.3 | Y29: =X29/D29 -> 1.0701025
A30: RECEITAS FINANCEIRAS | B30: 25000 | C30: 5833.3333 | D30: =D31 -> 70000 | E30: =IFERROR((D30/B30)-1,0) -> 1.8 | F30: =F31 -> 4947.87 | G30: =G31 -> 5242.73 | H30: =H31 -> 8175.67 | I30: =I31 -> 12315.92 | J30: =J31 -> 9857.24 | K30: =K31 -> 9875.9 | L30: =L31 -> 7706.82 | M30: =L30/C30 -> 1.3211691 | N30: =N31 -> 9828.14 | O30: =N30/C30 -> 1.684824 | P30: =P31 -> 2986.9 | Q30: =P30/$C30 -> 0.51204 | R30: =R31 -> 1689.87 | S30: =R30/$C30 -> 0.289692 | T30: =T31 -> 1840.75 | U30: =T30/$C30 -> 0.31555714 | V30: =V31 -> 0 | W30: =V30/I30 -> 0 | X30: =X31 -> 74467.81 | Y30: =X30/D30 -> 1.0638259
A31: Receitas Financeiras | B31: 25000 | C31: 5833.3333 | D31: 70000 | E31: =IFERROR((D31/B31)-1,0) -> 1.8 | F31: =9029.64-4935.81+854.04 -> 4947.87 | G31: =9641.21-4398.48 -> 5242.73 | H31: =7085.87-1924.47+3014.27 -> 8175.67 | I31: =11342.82+336.22+636.88 -> 12315.92 | J31: =8175.64+1681.6 -> 9857.24 | K31: 9875.9 | L31: 7706.82 | M31: =L31/C31 -> 1.3211691 | N31: 9828.14 | O31: =N31/C31 -> 1.684824 | P31: =8610.94-5624.04 -> 2986.9 | Q31: =P31/$C31 -> 0.51204 | R31: 1689.87 | S31: =R31/$C31 -> 0.289692 | T31: 1840.75 | U31: =T31/$C31 -> 0.31555714 | W31: =V31/I31 -> 0 | X31: =V31+T31+R31+P31+N31+L31+K31+J31+I31+H31+G31+F31 -> 74467.81 | Y31: =X31/D31 -> 1.0638259
A32: RECEITAS EVENTUAIS | B32: 151751 | C32: 35463.297 | D32: =SUM(D33:D36) -> 425559.56 | E32: =IFERROR((D32/B32)-1,0) -> 1.8043279 | F32: =SUM(F33:F36) -> 21919.81 | G32: =SUM(G33:G36) -> 34583.81 | H32: =SUM(H33:H36) -> 23772.81 | I32: =SUM(I33:I36) -> 33327.81 | J32: =SUM(J33:J36) -> 67120.81 | K32: =SUM(K33:K36) -> 26557.81 | L32: =SUM(L33:L36) -> 83891.81 | M32: =L32/C32 -> 2.3655954 | N32: =SUM(N33:N36) -> 61742.8 | O32: =N32/C32 -> 1.7410339 | P32: =SUM(P33:P36) -> 61639.81 | Q32: =P32/$C32 -> 1.7381297 | R32: =SUM(R33:R36) -> 733.81 | S32: =R32/$C32 -> 0.020692098 | T32: =SUM(T33:T36) -> 35212.81 | U32: =T32/$C32 -> 0.99293673 | V32: =SUM(V33:V36) -> 0 | W32: =V32/I32 -> 0 | X32: =V32+T32+R32+P32+N32+L32+K32+J32+I32+H32+G32+F32 -> 450503.9 | Y32: =X32/D32 -> 1.0586154
A33: Tx transferência | B33: 0 | C33: 16666.667 | D33: 200000 | E33: =IFERROR((D33/B33)-1,0) -> 0 | F33: 20000 | G33: 20000 | H33: 20300 | I33: 20000 | J33: 40000 | K33: 20000 | L33: 40000 | M33: =L33/C33 -> 2.4 | N33: 40000 | O33: =N33/C33 -> 2.4 | P33: 40000 | Q33: =P33/$C33 -> 2.4 | S33: =R33/$C33 -> 0 | T33: 30000 | U33: =T33/$C33 -> 1.8 | W33: =V33/I33 -> 0 | X33: =V33+T33+R33+P33+N33+L33+K33+J33+I33+H33+G33+F33 -> 290300 | Y33: =X33/D33 -> 1.4515
A34: título | B34: 0 | C34: 4166.6667 | D34: 50000 | E34: =IFERROR((D34/B34)-1,0) -> 0 | F34: 0 | J34: 10000 | L34: 5000 | M34: =L34/C34 -> 1.2 | N34: 10000 | O34: =N34/C34 -> 2.4 | P34: 10000 | Q34: =P34/$C34 -> 2.4 | S34: =R34/$C34 -> 0 | U34: =T34/$C34 -> 0 | W34: =V34/I34 -> #DIV/0! | X34: =V34+T34+R34+P34+N34+L34+K34+J34+I34+H34+G34+F34 -> 35000 | Y34: =X34/D34 -> 0.7
A35: aluguel sede | B35: 151751 | C35: 14629.963 | D35: =C35*12 -> 175559.56 | E35: =IFERROR((D35/B35)-1,0) -> 0.15689228 | F35: =576+1343.81 -> 1919.81 | G35: 14583.81 | H35: =1013+2459.81 -> 3472.81 | I35: =4826+8501.81 -> 13327.81 | J35: =3660+13460.81 -> 17120.81 | K35: =1457+5100.81 -> 6557.81 | L35: =1664+227.81 -> 1891.81 | M35: =L35/C35 -> 0.12931065 | N35: =1514.99+34227.81-24000 -> 11742.8 | O35: =N35/C35 -> 0.8026541 | P35: =1412+40227.81-30000 -> 11639.81 | Q35: =P35/$C35 -> 0.79561443 | R35: =512+221.81 -> 733.81 | S35: =R35/$C35 -> 0.05015802 | T35: =4985+227.81 -> 5212.81 | U35: =T35/$C35 -> 0.35631053 | W35: =V35/I35 -> 0 | X35: =V35+T35+R35+P35+N35+L35+K35+J35+I35+H35+G35+F35 -> 88203.9 | Y35: =X35/D35 -> 0.50241582
A36: venda de imobilizado / doações | L36: 37000 | O36: =N36/C36 -> #DIV/0! | Q36: =P36/$C36 -> #DIV/0! | S36: =R36/$C36 -> #DIV/0! | U36: =T36/$C36 -> #DIV/0! | X36: =V36+T36+R36+P36+N36+L36+K36+J36+I36+H36+G36+F36 -> 37000
A37: Taxa de obras | R37: 24810 | T37: =24390-100 -> 24290 | X37: =R37 -> 24810
A38: RECEITAS DIRETORIA DE VELA | B38: 319400 | C38: 20916.667 | D38: =SUM(D39:D44) -> 251000 | E38: =IFERROR((D38/B38)-1,0) -> -0.21415153 | F38: =SUM(F39:F44) -> 0 | G38: =SUM(G39:G44) -> 71951 | H38: =SUM(H39:H44) -> 31110.97 | I38: =SUM(I39:I44) -> 45624.96 | J38: =SUM(J39:J44) -> 36870 | K38: =SUM(K39:K44) -> 37680 | L38: =SUM(L39:L44) -> 27800 | M38: =L38/C38 -> 1.3290837 | N38: =SUM(N39:N44) -> 40500 | O38: =N38/C38 -> 1.936255 | P38: =SUM(P39:P44) -> 70094.97 | Q38: =P38/$C38 -> 3.3511539 | R38: =SUM(R39:R44) -> 39596 | S38: =R38/$C38 -> 1.8930359 | T38: =SUM(T39:T44) -> 49745 | U38: =T38/$C38 -> 2.378247 | V38: =SUM(V39:V44) -> 0 | W38: =V38/I38 -> 0 | X38: =SUM(X39:X44) -> 450972.9 | Y38: =X38/D38 -> 1.7967048
A39: Eventos Náuticos | B39: 20000 | C39: 2500 | D39: 30000 | E39: =IFERROR((D39/B39)-1,0) -> 0.5 | F39: 0 | G39: 48861 | H39: 450 | I39: 13150 | J39: 1200 | K39: 1350 | L39: 1350 | M39: =L39/C39 -> 0.54 | N39: 1800 | O39: =N39/C39 -> 0.72 | P39: 1250 | Q39: =P39/$C39 -> 0.5 | R39: 3656 | S39: =R39/$C39 -> 1.4624 | T39: 2500 | U39: =T39/$C39 -> 1 | W39: =V39/I39 -> 0 | X39: =V39+T39+R39+P39+N39+L39+K39+J39+I39+H39+G39+F39 -> 75567 | Y39: =X39/D39 -> 2.5189
A40: Inscrições de regatas | B40: 25000 | C40: 1250 | D40: 15000 | E40: =IFERROR((D40/B40)-1,0) -> -0.4 | F40: 0 | H40: 4900.97 | I40: 6350 | J40: 9150 | K40: 10820 | M40: =L40/C40 -> 0 | N40: 8180 | O40: =N40/C40 -> 6.544 | P40: 820 | Q40: =P40/$C40 -> 0.656 | R40: 4800 | S40: =R40/$C40 -> 3.84 | T40: =7815-240 -> 7575 | U40: =T40/$C40 -> 6.06 | W40: =V40/I40 -> 0 | X40: =V40+T40+R40+P40+N40+L40+K40+J40+I40+H40+G40+F40 -> 52595.97 | Y40: =X40/D40 -> 3.506398
A41: Uniforme flotilha | B41: 0 | C41: 1666.6667 | D41: 20000 | E41: =IFERROR((D41/B41)-1,0) -> 0 | F41: 0 | M41: =L41/C41 -> 0 | O41: =N41/C41 -> 0 | P41: 32820 | Q41: =P41/$C41 -> 19.692 | S41: =R41/$C41 -> 0 | U41: =T41/$C41 -> 0 | W41: =V41/I41 -> #DIV/0! | X41: =V41+T41+R41+P41+N41+L41+K41+J41+I41+H41+G41+F41 -> 32820 | Y41: =X41/D41 -> 1.641
A42: FEVESP - Patrocinio (juizes) | B42: 0 | C42: 0 | D42: 0 | E42: =IFERROR((D42/B42)-1,0) -> 0 | F42: 0 | M42: =L42/C42 -> #DIV/0! | O42: =N42/C42 -> #DIV/0! | Q42: =P42/$C42 -> #DIV/0! | S42: =R42/$C42 -> #DIV/0! | T42: 6260 | U42: =T42/$C42 -> #DIV/0! | W42: =V42/I42 -> #DIV/0! | X42: =V42+T42+R42+P42+N42+L42+K42+J42+I42+H42+G42+F42 -> 6260 | Y42: =X42/D42 -> #DIV/0!
A43: Aluguel de barcos | B43: 11000 | C43: 833.33333 | D43: 10000 | E43: =IFERROR((D43/B43)-1,0) -> -0.090909091 | F43: 0 | M43: =L43/C43 -> 0 | O43: =N43/C43 -> 0 | Q43: =P43/$C43 -> 0 | S43: =R43/$C43 -> 0 | U43: =T43/$C43 -> 0 | W43: =V43/I43 -> #DIV/0! | X43: =V43+T43+R43+P43+N43+L43+K43+J43+I43+H43+G43+F43 -> 0 | Y43: =X43/D43 -> 0
A44: Atividades flotilha - custo rateado | B44: 263400 | C44: 14666.667 | D44: 176000 | E44: =IFERROR((D44/B44)-1,0) -> -0.33181473 | F44: 0 | G44: 23090 | H44: 25760 | I44: 26124.96 | J44: 26520 | K44: 25510 | L44: 26450 | M44: =L44/C44 -> 1.8034091 | N44: 30520 | O44: =N44/C44 -> 2.0809091 | P44: 35204.97 | Q44: =P44/$C44 -> 2.4003389 | R44: 31140 | S44: =R44/$C44 -> 2.1231818 | T44: 33410 | U44: =T44/$C44 -> 2.2779545 | W44: =V44/I44 -> 0 | X44: =V44+T44+R44+P44+N44+L44+K44+J44+I44+H44+G44+F44 -> 283729.93 | Y44: =X44/D44 -> 1.6121019
A45: RECEITAS DIRETORIA SOCIAL | B45: 62980.73 | C45: 6666.6667 | D45: =SUM(D46:D50) -> 80000 | E45: =IFERROR((D45/B45)-1,0) -> 0.2702298 | F45: =SUM(F46:F50) -> 0 | G45: =SUM(G46:G50) -> 0 | H45: =SUM(H46:H50) -> 0 | I45: =SUM(I46:I50) -> 24643.4 | J45: =SUM(J46:J50) -> 1440 | K45: =SUM(K46:K50) -> 65820 | L45: =SUM(L46:L50) -> 0 | M45: =L45/C45 -> 0 | N45: =SUM(N46:N50) -> 0 | O45: =N45/C45 -> 0 | P45: =SUM(P46:P50) -> 0 | Q45: =P45/$C45 -> 0 | R45: =SUM(R46:R50) -> 1714 | S45: =R45/$C45 -> 0.2571 | T45: =SUM(T46:T50) -> 0 | U45: =T45/$C45 -> 0 | V45: =SUM(V46:V50) -> 0 | W45: =V45/I45 -> 0 | X45: =SUM(X46:X50) -> 93617.4 | Y45: =X45/D45 -> 1.1702175
A46: Festas Oktoberfest | B46: 0 | C46: 416.66667 | D46: 5000 | E46: =IFERROR((D46/B46)-1,0) -> 0 | F46: 0 | M46: =L46/C46 -> 0 | O46: =N46/C46 -> 0 | Q46: =P46/$C46 -> 0 | R46: 1714 | S46: =R46/$C46 -> 4.1136 | U46: =T46/$C46 -> 0 | W46: =V46/I46 -> #DIV/0! | X46: =V46+T46+R46+P46+N46+L46+K46+J46+I46+H46+G46+F46 -> 1714 | Y46: =X46/D46 -> 0.3428
A47: Festa Flash Back | B47: 14470.73 | C47: 1666.6667 | D47: 20000 | E47: =IFERROR((D47/B47)-1,0) -> 0.38210028 | F47: 0 | I47: 24643.4 | M47: =L47/C47 -> 0 | O47: =N47/C47 -> 0 | Q47: =P47/$C47 -> 0 | S47: =R47/$C47 -> 0 | U47: =T47/$C47 -> 0 | W47: =V47/I47 -> 0 | X47: =V47+T47+R47+P47+N47+L47+K47+J47+I47+H47+G47+F47 -> 24643.4 | Y47: =X47/D47 -> 1.23217
A48: Festas Junina | B48: 48510 | C48: 4583.3333 | D48: 55000 | E48: =IFERROR((D48/B48)-1,0) -> 0.13378685 | F48: 0 | J48: 1440 | K48: 65820 | M48: =L48/C48 -> 0 | O48: =N48/C48 -> 0 | Q48: =P48/$C48 -> 0 | S48: =R48/$C48 -> 0 | U48: =T48/$C48 -> 0 | W48: =V48/I48 -> #DIV/0! | X48: =V48+T48+R48+P48+N48+L48+K48+J48+I48+H48+G48+F48 -> 67260 | Y48: =X48/D48 -> 1.2229091
A49: Festas Hallowycsa | B49: 0 | C49: 0 | D49: 0 | E49: =IFERROR((D49/B49)-1,0) -> 0 | F49: 0 | O49: =N49/C49 -> #DIV/0! | Q49: =P49/$C49 -> #DIV/0! | S49: =R49/$C49 -> #DIV/0! | U49: =T49/$C49 -> #DIV/0! | X49: =V49+T49+R49+P49+N49+L49+K49+J49+I49+H49+G49+F49 -> 0 | Y49: =X49/D49 -> #DIV/0!
E50: =IFERROR((D50/B50)-1,0) -> 0
A51: DESPESAS TOTAIS | B51: 3871348.6 | C51: 368800.99 | D51: =D53+D93+D115+D134+D156+D153+D163+D109 -> 4457853.9 | E51: =IFERROR((D51/B51)-1,0) -> 0.15149898 | F51: =F53+F93+F115+F134+F156+F153+F163+F109 -> 369313.91 | G51: =G53+G93+G115+G134+G156+G153+G163+G109 -> 317232.33 | H51: =H53+H93+H115+H134+H156+H153+H163+H109 -> 319676 | I51: =I53+I93+I115+I134+I156+I153+I163+I109 -> 454860.23 | J51: =J53+J93+J115+J134+J156+J153+J163+J109 -> 424057.8 | K51: =K53+K93+K115+K134+K156+K153+K163+K109 -> 443345.81 | L51: =L53+L93+L115+L134+L156+L153+L163+L109 -> 315786.18 | M51: =L51/C51 -> 0.85625091 | N51: =N53+N93+N115+N134+N156+N153+N163+N109 -> 402002.19 | O51: =N51/C51 -> 1.0900247 | P51: =P53+P93+P115+P134+P156+P153+P163+P109 -> 394968.66 | Q51: =P51/$C51 -> 1.0709534 | R51: =R53+R93+R115+R134+R156+R153+R163+R109 -> 378845.61 | S51: =R51/$C51 -> 1.0272359 | T51: =T53+T93+T115+T134+T156+T153+T163+T109 -> 357834.99 | U51: =T51/$C51 -> 0.97026581 | V51: =V53+V93+V115+V134+V156+V153+V163+V109 -> 0 | W51: =V51/I51 -> 0 | X51: =X53+X93+X115+X134+X156+X153+X163+X109 -> 4177923.7 | Y51: =X51/D51 -> 0.93720516
A53: Diretor Secretário | B53: 2429005.1 | C53: 218524.43 | D53: =D54+D67+D69+D77+D84 -> 2642535.3 | E53: =IFERROR((D53/B53)-1,0) -> 0.08790851 | F53: =F54+F67+F69+F77+F84 -> 210913.74 | G53: =G54+G67+G69+G77+G84 -> 201603.92 | H53: =H54+H67+H69+H77+H84 -> 173976.21 | I53: =I54+I67+I69+I77+I84 -> 257532.87 | J53: =J54+J67+J69+J77+J84 -> 237061.59 | K53: =K54+K67+K69+K77+K84 -> 211749.69 | L53: =L54+L67+L69+L77+L84 -> 203164.79 | M53: =L53/C53 -> 0.92971201 | N53: =N54+N67+N69+N77+N84 -> 205283.4 | O53: =N53/C53 -> 0.93940708 | P53: =P54+P67+P69+P77+P84 -> 215233.94 | Q53: =P53/$C53 -> 0.98494222 | R53: =R54+R67+R69+R77+R84 -> 203508.72 | S53: =R53/$C53 -> 0.93128588 | T53: =T54+T67+T69+T77+T84 -> 203934.15 | U53: =T53/$C53 -> 0.93323271 | V53: =V54+V67+V69+V77+V84 -> 0 | W53: =V53/I53 -> 0 | X53: =X54+X67+X69+X77+X84 -> 2323963 | Y53: =X53/D53 -> 0.87944446
A54: Despesas com Pessoal | B54: 1812646.8 | C54: 139740 | D54: =SUM(D55:D66) -> 1676880 | E54: =IFERROR((D54/B54)-1,0) -> -0.074899775 | F54: =SUM(F55:F66) -> 131082.55 | G54: =SUM(G55:G66) -> 124029.08 | H54: =SUM(H55:H66) -> 121207.96 | I54: =SUM(I55:I66) -> 184778.84 | J54: =SUM(J55:J66) -> 152127 | K54: =SUM(K55:K66) -> 128180.31 | L54: =SUM(L55:L66) -> 132603.19 | M54: =L54/C54 -> 0.94892794 | N54: =SUM(N55:N66) -> 125197.12 | O54: =N54/C54 -> 0.89592901 | P54: =SUM(P55:P66) -> 136667.49 | Q54: =P54/$C54 -> 0.97801267 | R54: =SUM(R55:R66) -> 126757.08 | S54: =R54/$C54 -> 0.90709231 | T54: =SUM(T55:T66) -> 148927.91 | U54: =T54/$C54 -> 1.06575 | V54: =SUM(V55:V66) -> 0 | W54: =V54/I54 -> 0 | X54: =SUM(X55:X66) -> 1511558.5 | Y54: =X54/D54 -> 0.90141127
A55: Salários (exceto Escola de Vela) | B55: 927366.84 | C55: 77200 | D55: 926400 | E55: =IFERROR((D55/B55)-1,0) -> -0.0010425648 | F55: =71727.22-2736.34 -> 68990.88 | G55: =69058.22-2127.34 -> 66930.88 | H55: =73316.83-2172.22 -> 71144.61 | I55: =86116.68-6120.85 -> 79995.83 | J55: =91504.18-2747.07 -> 88757.11 | K55: =74923.19-2412.65 -> 72510.54 | L55: =71937.09 -> 71937.09 | M55: =L55/C55 -> 0.93182759 | N55: =77157.54-1389.6 -> 75767.94 | O55: =N55/C55 -> 0.98145 | P55: =71199.22-2309.07 -> 68890.15 | Q55: =P55/$C55 -> 0.89235946 | R55: =84973.07-1976.96 -> 82996.11 | S55: =R55/$C55 -> 1.0750791 | T55: =92927.73-2326.5+240 -> 90841.23 | U55: =T55/$C55 -> 1.1766999 | W55: =V55/I55 -> 0 | X55: =V55+T55+R55+P55+N55+L55+K55+J55+I55+H55+G55+F55 -> 838762.37 | Y55: =X55/D55 -> 0.90539979
A56: Funcionários terceirizados | E56: =IFERROR((D56/B56)-1,0) -> 0 | O56: =N56/C56 -> #DIV/0! | Q56: =P56/$C56 -> #DIV/0! | S56: =R56/$C56 -> #DIV/0! | U56: =T56/$C56 -> #DIV/0! | X56: =V56+T56+R56+P56+N56+L56+K56+J56+I56+H56+G56+F56 -> 0 | Y56: =X56/D56 -> #DIV/0!
A57: Gratificação espontânea | B57: 17522.42 | C57: 4900 | D57: =C57*12 -> 58800 | E57: =IFERROR((D57/B57)-1,0) -> 2.3557009 | F57: 1233.3 | G57: 520 | H57: 487.55 | I57: 41222.75 | J57: 2690.55 | K57: 980 | L57: 284 | M57: =L57/C57 -> 0.057959184 | N57: 2000 | O57: =N57/C57 -> 0.40816327 | P57: 1500 | Q57: =P57/$C57 -> 0.30612245 | S57: =R57/$C57 -> 0 | U57: =T57/$C57 -> 0 | W57: =V57/I57 -> 0 | X57: =V57+T57+R57+P57+N57+L57+K57+J57+I57+H57+G57+F57 -> 50918.15 | Y57: =X57/D57 -> 0.86595493
A58: Encargos | B58: 403328.64 | C58: 28100 | D58: =C58*12 -> 337200 | E58: =IFERROR((D58/B58)-1,0) -> -0.16395721 | F58: =22795.44+7151.51+956.63-203.28 -> 30700.3 | G58: =20687.09-252.95+6490.06+915.06 -> 27839.26 | H58: =20486+6426.98+920.89 -> 27833.87 | I58: =30035.51+9583.11+1286.44 -> 40905.06 | J58: =23573.75+7523.06+1120.6 -> 32217.41 | K58: =21682.9+6802.49+944.63 -> 29430.02 | L58: =22070.68+6924.16+932.83-72.71 -> 29854.96 | M58: =L58/C58 -> 1.0624541 | N58: =21048.07+6852.58+865.83-114.18 -> 28652.3 | O58: =N58/C58 -> 1.0196548 | P58: =23554.88+7389.79+1082.35 -> 32027.02 | Q58: =P58/$C58 -> 1.1397516 | R58: =21668.11+6797.86+1023.15 -> 29489.12 | S58: =R58/$C58 -> 1.0494349 | T58: =24559.64+10777.02+1030.01 -> 36366.67 | U58: =T58/$C58 -> 1.2941875 | W58: =V58/I58 -> 0 | X58: =V58+T58+R58+P58+N58+L58+K58+J58+I58+H58+G58+F58 -> 345315.99 | Y58: =X58/D58 -> 1.0240688
A59: Rescisões Contratuais | B59: 13000 | C59: 1700 | D59: =C59*12 -> 20400 | E59: =IFERROR((D59/B59)-1,0) -> 0.56923077 | M59: =L59/C59 -> 0 | O59: =N59/C59 -> 0 | Q59: =P59/$C59 -> 0 | S59: =R59/$C59 -> 0 | U59: =T59/$C59 -> 0 | W59: =V59/I59 -> #DIV/0! | X59: =V59+T59+R59+P59+N59+L59+K59+J59+I59+H59+G59+F59 -> 0 | Y59: =X59/D59 -> 0
A60: Férias+Encargos | B60: 147342.54 | C60: 2950 | D60: =C60*12 -> 35400 | E60: =IFERROR((D60/B60)-1,0) -> -0.75974352 | F60: =16496.77 -> 16496.77 | G60: 14763.24 | H60: 6863.64 | I60: =2002.5+5737.6 -> 7740.1 | J60: =4600.81 -> 4600.81 | K60: 9126.99 | L60: 15572.5 | M60: =L60/C60 -> 5.2788136 | N60: =3916.16 -> 3916.16 | O60: =N60/C60 -> 1.3275119 | P60: =19672.88 -> 19672.88 | Q60: =P60/$C60 -> 6.6687729 | S60: =R60/$C60 -> 0 | T60: 3144.6 | U60: =T60/$C60 -> 1.0659661 | W60: =V60/I60 -> 0 | X60: =V60+T60+R60+P60+N60+L60+K60+J60+I60+H60+G60+F60 -> 101897.69 | Y60: =X60/D60 -> 2.8784658
A61: 13º salario+Encargos | B61: 97692.94 | C61: 8800 | D61: =C61*12 -> 105600 | E61: =IFERROR((D61/B61)-1,0) -> 0.080937886 | M61: =L61/C61 -> 0 | O61: =N61/C61 -> 0 | Q61: =P61/$C61 -> 0 | S61: =R61/$C61 -> 0 | U61: =T61/$C61 -> 0 | W61: =V61/I61 -> #DIV/0! | X61: =V61+T61+R61+P61+N61+L61+K61+J61+I61+H61+G61+F61 -> 0 | Y61: =X61/D61 -> 0
A62: Benefícios ( vale transp. + cesta básica ) | B62: 40325.67 | C62: 2500 | D62: =C62*12 -> 30000 | E62: =IFERROR((D62/B62)-1,0) -> -0.256057 | F62: =415.38-363.06+1956.6-30 -> 1978.92 | G62: =260.22-356.58+1882.8-30 -> 1756.44 | H62: =405.24-363.06+1970.85-30 -> 1983.03 | I62: =435.99-363.06+1975.3-30 -> 2018.23 | J62: =455.79-354.12+1970.85-30 -> 2042.52 | K62: =347.92-373.44+1970.85-26 -> 1919.33 | L62: =465.61-257.52+1970.85-28 -> 2150.94 | M62: =L62/C62 -> 0.860376 | N62: =693.4-383.1+1970.85-28 -> 2253.15 | O62: =N62/C62 -> 0.90126 | P62: =693.11-363.78+1970.85-28 -> 2272.18 | Q62: =P62/$C62 -> 0.908872 | R62: =703.24-595.5+1970.85-28 -> 2050.59 | S62: =R62/$C62 -> 0.820236 | T62: =604.11+585.84+4428.5-30 -> 5588.45 | U62: =T62/$C62 -> 2.23538 | W62: =V62/I62 -> 0 | X62: =V62+T62+R62+P62+N62+L62+K62+J62+I62+H62+G62+F62 -> 26013.78 | Y62: =X62/D62 -> 0.867126
A63: Alimentação de funcionários | B63: 109434.62 | C63: 8390 | D63: =C63*12 -> 100680 | E63: =IFERROR((D63/B63)-1,0) -> -0.079998633 | F63: =7133.94-30 -> 7103.94 | G63: =7696-30 -> 7666 | H63: =8372-30 -> 8342 | I63: =8424-30 -> 8394 | J63: =6916-30 -> 6886 | K63: =7785.06-26 -> 7759.06 | L63: =7410-28 -> 7382 | M63: =L63/C63 -> 0.87985697 | N63: =7904-28 -> 7876 | O63: =N63/C63 -> 0.93873659 | P63: =7540-28 -> 7512 | Q63: =P63/$C63 -> 0.89535161 | R63: =7696-28 -> 7668 | S63: =R63/$C63 -> 0.91394517 | T63: =8164-30 -> 8134 | U63: =T63/$C63 -> 0.96948749 | W63: =V63/I63 -> 0 | X63: =V63+T63+R63+P63+N63+L63+K63+J63+I63+H63+G63+F63 -> 84723 | Y63: =X63/D63 -> 0.84150775
A64: Capacitação Profissional | B64: 4000 | C64: 700 | D64: =C64*12 -> 8400 | E64: =IFERROR((D64/B64)-1,0) -> 1.1 | J64: =1970.85-30 -> 1940.85 | M64: =L64/C64 -> 0 | O64: =N64/C64 -> 0 | Q64: =P64/$C64 -> 0 | S64: =R64/$C64 -> 0 | U64: =T64/$C64 -> 0 | W64: =V64/I64 -> #DIV/0! | X64: =V64+T64+R64+P64+N64+L64+K64+J64+I64+H64+G64+F64 -> 1940.85 | Y64: =X64/D64 -> 0.23105357
A65: exames médicos, uniformes, etc | B65: 11227.5 | C65: 1200 | D65: =C65*12 -> 14400 | E65: =IFERROR((D65/B65)-1,0) -> 0.28256513 | F65: =1943.12-530 -> 1413.12 | G65: =1943.12-555.18 -> 1387.94 | H65: =1943.12-555.18 -> 1387.94 | I65: =1961.74-624.19 -> 1337.55 | J65: =1337.55+8722-233.12 -> 9826.43 | K65: =1337.55+1951.5 -> 3289.05 | L65: =1337.55+1043.46-124.63 -> 2256.38 | M65: =L65/C65 -> 1.8803167 | N65: =1324.85+241.4 -> 1566.25 | O65: =N65/C65 -> 1.3052083 | P65: =1387.94+240 -> 1627.94 | Q65: =P65/$C65 -> 1.3566167 | R65: 1387.94 | S65: =R65/$C65 -> 1.1566167 | T65: =1387.94+299.7 -> 1687.64 | U65: =T65/$C65 -> 1.4063667 | W65: =V65/I65 -> 0 | X65: =V65+T65+R65+P65+N65+L65+K65+J65+I65+H65+G65+F65 -> 27168.18 | Y65: =X65/D65 -> 1.8866792
A66: Assistência Médica | B66: 41405.67 | C66: 3300 | D66: =C66*12 -> 39600 | E66: =IFERROR((D66/B66)-1,0) -> -0.043609245 | F66: =3165.32 -> 3165.32 | G66: 3165.32 | H66: 3165.32 | I66: 3165.32 | J66: 3165.32 | K66: 3165.32 | L66: 3165.32 | M66: =L66/C66 -> 0.95918788 | N66: 3165.32 | O66: =N66/C66 -> 0.95918788 | P66: 3165.32 | Q66: =P66/$C66 -> 0.95918788 | R66: 3165.32 | S66: =R66/$C66 -> 0.95918788 | T66: 3165.32 | U66: =T66/$C66 -> 0.95918788 | W66: =V66/I66 -> 0 | X66: =V66+T66+R66+P66+N66+L66+K66+J66+I66+H66+G66+F66 -> 34818.52 | Y66: =X66/D66 -> 0.87925556
A67: Seguros | B67: 41979.65 | C67: 3900 | D67: =SUM(D68) -> 46800 | E67: =IFERROR((D67/B67)-1,0) -> 0.11482587 | F67: =SUM(F68) -> 3550.24 | G67: =SUM(G68) -> 3550.24 | H67: =SUM(H68) -> 3550.24 | I67: =SUM(I68) -> 3595.45 | J67: =SUM(J68) -> 3595.45 | K67: =SUM(K68) -> 3595.45 | L67: =SUM(L68) -> 3595.45 | M67: =L67/C67 -> 0.92191026 | N67: =SUM(N68) -> 3595.45 | O67: =N67/C67 -> 0.92191026 | P67: =SUM(P68) -> 3595.45 | Q67: =P67/$C67 -> 0.92191026 | R67: =SUM(R68) -> 3803.36 | S67: =R67/$C67 -> 0.97522051 | T67: =SUM(T68) -> 3903.36 | U67: =T67/$C67 -> 1.0008615 | V67: =SUM(V68) -> 0 | W67: =V67/I67 -> 0 | X67: =SUM(X68) -> 39930.14 | Y67: =X67/D67 -> 0.85320812
A68: Seguros | B68: 41979.65 | C68: 3900 | D68: =C68*12 -> 46800 | E68: =IFERROR((D68/B68)-1,0) -> 0.11482587 | F68: 3550.24 | G68: 3550.24 | H68: 3550.24 | I68: 3595.45 | J68: 3595.45 | K68: 3595.45 | L68: 3595.45 | M68: =L68/C68 -> 0.92191026 | N68: 3595.45 | O68: =N68/C68 -> 0.92191026 | P68: 3595.45 | Q68: =P68/$C68 -> 0.92191026 | R68: 3803.36 | S68: =R68/$C68 -> 0.97522051 | T68: 3903.36 | U68: =T68/$C68 -> 1.0008615 | W68: =V68/I68 -> 0 | X68: =V68+T68+R68+P68+N68+L68+K68+J68+I68+H68+G68+F68 -> 39930.14 | Y68: =X68/D68 -> 0.85320812
A69: Consumo | B69: 250878.58 | C69: 25292.955 | D69: =SUM(D70:D76) -> 303515.46 | E69: =IFERROR((D69/B69)-1,0) -> 0.20981018 | F69: =SUM(F70:F76) -> 27413.18 | G69: =SUM(G70:G76) -> 24143.91 | H69: =SUM(H70:H76) -> 31903.74 | I69: =SUM(I70:I76) -> 15391.15 | J69: =SUM(J70:J76) -> 30831.12 | K69: =SUM(K70:K76) -> 20958.52 | L69: =SUM(L70:L76) -> 19726.11 | M69: =L69/C69 -> 0.77990531 | N69: =SUM(N70:N76) -> 17838.52 | O69: =N69/C69 -> 0.70527623 | P69: =SUM(P70:P76) -> 22086.29 | Q69: =P69/$C69 -> 0.87321904 | R69: =SUM(R70:R76) -> 17191.49 | S69: =R69/$C69 -> 0.6796948 | T69: =SUM(T70:T76) -> 16800.88 | U69: =T69/$C69 -> 0.66425137 | V69: =SUM(V70:V76) -> 0 | W69: =V69/I69 -> 0 | X69: =SUM(X70:X76) -> 244284.91 | Y69: =X69/D69 -> 0.80485162
A70: Água e Esgoto | B70: 86378.58 | C70: 6644.83 | D70: =C70*12 -> 79737.96 | E70: =IFERROR((D70/B70)-1,0) -> -0.076878087 | F70: 7401.26 | G70: 6745.14 | H70: 6787.98 | I70: 6569.07 | J70: 7027.82 | K70: 7658.07 | L70: 7658.07 | M70: =L70/C70 -> 1.1524855 | N70: 7411.08 | O70: =N70/C70 -> 1.1153152 | P70: 7658.07 | Q70: =P70/$C70 -> 1.1524855 | R70: 7658.07 | S70: =R70/$C70 -> 1.1524855 | T70: 7857.31 | U70: =T70/$C70 -> 1.1824697 | W70: =V70/I70 -> 0 | X70: =V70+T70+R70+P70+N70+L70+K70+J70+I70+H70+G70+F70 -> 80431.94 | Y70: =X70/D70 -> 1.0087033
A71: Eletricidade | B71: 110000 | C71: 10913.707 | D71: =C71*12 -> 130964.48 | E71: =IFERROR((D71/B71)-1,0) -> 0.19058618 | F71: 12064.5 | G71: 8556 | H71: 12374.14 | I71: 2330.7 | J71: 7688.53 | K71: 6893.7 | L71: =6419.13-4904.18 -> 1514.95 | M71: =L71/C71 -> 0.13881168 | N71: 1599.17 | O71: =N71/C71 -> 0.14652859 | P71: 1708.61 | Q71: =P71/$C71 -> 0.15655634 | R71: 1587.46 | S71: =R71/$C71 -> 0.14545562 | T71: 1646.45 | U71: =T71/$C71 -> 0.15086075 | W71: =V71/I71 -> 0 | X71: =V71+T71+R71+P71+N71+L71+K71+J71+I71+H71+G71+F71 -> 57964.21 | Y71: =X71/D71 -> 0.44259489
A72: Gas | B72: 24000 | C72: 2292.2567 | D72: =C72*12 -> 27507.08 | E72: =IFERROR((D72/B72)-1,0) -> 0.14612833 | F72: 1074.87 | G72: 1913.8 | H72: 3779.98 | I72: 2633.54 | J72: 4884.19 | K72: 2221.89 | L72: 2213.01 | M72: =L72/C72 -> 0.96542854 | N72: 4032.61 | O72: =N72/C72 -> 1.7592314 | P72: 2527.65 | Q72: =P72/$C72 -> 1.1026907 | R72: 3546.41 | S72: =R72/$C72 -> 1.547126 | T72: 2293.78 | U72: =T72/$C72 -> 1.0006646 | W72: =V72/I72 -> 0 | X72: =V72+T72+R72+P72+N72+L72+K72+J72+I72+H72+G72+F72 -> 31121.73 | Y72: =X72/D72 -> 1.131408
A73: Telefone, Net, correio, cartório | B73: 5000 | C73: 548.52667 | D73: =C73*12 -> 6582.32 | E73: =IFERROR((D73/B73)-1,0) -> 0.316464 | F73: =469.7+30+20+136.97 -> 656.67 | G73: =465.5+30 -> 495.5 | H73: =470.58+104.92+895.9 -> 1471.4 | I73: =737.7+18.9 -> 756.6 | J73: 470.36 | K73: =471.54+41.65+71.7 -> 584.89 | L73: 462.66 | M73: =L73/C73 -> 0.84345945 | N73: =471.92+618.34 -> 1090.26 | O73: =N73/C73 -> 1.9876153 | P73: =461.9+569.88 -> 1031.78 | Q73: =P73/$C73 -> 1.8810024 | R73: =479.88+7.5 -> 487.38 | S73: =R73/$C73 -> 0.88852563 | T73: =477.38+151.55+15+817 -> 1460.93 | U73: =T73/$C73 -> 2.663371 | W73: =V73/I73 -> 0 | X73: =V73+T73+R73+P73+N73+L73+K73+J73+I73+H73+G73+F73 -> 8968.43 | Y73: =X73/D73 -> 1.3625029
A74: Material de escritório | B74: 5000 | C74: 884.045 | D74: =C74*12 -> 10608.54 | E74: =IFERROR((D74/B74)-1,0) -> 1.121708 | F74: =2520.91-532.5 -> 1988.41 | G74: 344.9 | I74: 329.25 | J74: 1273.8 | K74: 215.21 | L74: 887.88 | M74: =L74/C74 -> 1.004338 | N74: 751.7 | O74: =N74/C74 -> 0.85029608 | P74: 580.39 | Q74: =P74/$C74 -> 0.65651635 | R74: 869.35 | S74: =R74/$C74 -> 0.98337754 | T74: 67.5 | U74: =T74/$C74 -> 0.076353579 | W74: =V74/I74 -> 0 | X74: =V74+T74+R74+P74+N74+L74+K74+J74+I74+H74+G74+F74 -> 7308.39 | Y74: =X74/D74 -> 0.68891572
A75: Material de consumo e limpeza | B75: 20000 | C75: 3900.7 | D75: =C75*12 -> 46808.4 | E75: =IFERROR((D75/B75)-1,0) -> 1.34042 | F75: =3816.9+410.57 -> 4227.47 | G75: 6088.57 | H75: 7490.24 | I75: =2096.99+675 -> 2771.99 | J75: 9486.42 | K75: 3239.76 | L75: 6829.61 | M75: =L75/C75 -> 1.7508678 | N75: =2956.2-2.5 -> 2953.7 | O75: =N75/C75 -> 0.75722306 | P75: 8579.79 | Q75: =P75/$C75 -> 2.1995514 | R75: 3042.82 | S75: =R75/$C75 -> 0.78007024 | T75: 3474.91 | U75: =T75/$C75 -> 0.89084267 | W75: =V75/I75 -> 0 | X75: =V75+T75+R75+P75+N75+L75+K75+J75+I75+H75+G75+F75 -> 58185.28 | Y75: =X75/D75 -> 1.2430521
A76: mat. vestiário e enfermaria | B76: 500 | C76: 108.89 | D76: =C76*12 -> 1306.68 | E76: =IFERROR((D76/B76)-1,0) -> 1.61336 | K76: 145 | L76: 159.93 | M76: =L76/C76 -> 1.4687299 | O76: =N76/C76 -> 0 | Q76: =P76/$C76 -> 0 | S76: =R76/$C76 -> 0 | U76: =T76/$C76 -> 0 | W76: =V76/I76 -> #DIV/0! | X76: =V76+T76+R76+P76+N76+L76+K76+J76+I76+H76+G76+F76 -> 304.93 | Y76: =X76/D76 -> 0.23336241
A77: Serviços Terceirizados | B77: 276900 | C77: 44815.928 | D77: =SUM(D78:D83) -> 558033.21 | E77: =IFERROR((D77/B77)-1,0) -> 1.0152879 | F77: =SUM(F78:F83) -> 46272.12 | G77: =SUM(G78:G83) -> 42819.15 | H77: =SUM(H78:H83) -> 15259.57 | I77: =SUM(I78:I83) -> 48644.89 | J77: =SUM(J78:J83) -> 46973.39 | K77: =SUM(K78:K83) -> 55868.13 | L77: =SUM(L78:L83) -> 45622.5 | M77: =L77/C77 -> 1.0179974 | N77: =SUM(N78:N83) -> 53092.28 | O77: =N77/C77 -> 1.1846743 | P77: =SUM(P78:P83) -> 49415.19 | Q77: =P77/$C77 -> 1.1026256 | R77: =SUM(R78:R83) -> 53206.09 | S77: =R77/$C77 -> 1.1872138 | T77: =SUM(T78:T83) -> 32269 | U77: =T77/$C77 -> 0.72003418 | V77: =SUM(V78:V83) -> 0 | W77: =V77/I77 -> 0 | X77: =SUM(X78:X83) -> 489442.31 | Y77: =X77/D77 -> 0.87708455
A78: Contabilidade | B78: 54000 | C78: 5206.84 | D78: =C78*12 -> 62482.08 | E78: =IFERROR((D78/B78)-1,0) -> 0.15707556 | F78: 4460.67 | G78: 4460.67 | H78: 8921.34 | I78: 8921.34 | J78: 4460.67 | K78: 4460.67 | L78: 4460.67 | M78: =L78/C78 -> 0.85669427 | N78: 4460.67 | O78: =N78/C78 -> 0.85669427 | P78: 4460.67 | Q78: =P78/$C78 -> 0.85669427 | R78: 4460.67 | S78: =R78/$C78 -> 0.85669427 | U78: =T78/$C78 -> 0 | W78: =V78/I78 -> 0 | X78: =V78+T78+R78+P78+N78+L78+K78+J78+I78+H78+G78+F78 -> 53528.04 | Y78: =X78/D78 -> 0.85669427
A79: Assessoria Jurídica | B79: 27400 | C79: 1141.6667 | D79: =B79/2 -> 13700 | E79: =IFERROR((D79/B79)-1,0) -> -0.5 | F79: 257.7 | G79: 257.7 | H79: 257.7 | I79: 257.7 | J79: 257.7 | K79: 257.7 | L79: 285.3 | M79: =L79/C79 -> 0.24989781 | N79: 6285.3 | O79: =N79/C79 -> 5.5053723 | P79: 285.3 | Q79: =P79/$C79 -> 0.24989781 | R79: 6285.3 | S79: =R79/$C79 -> 5.5053723 | U79: =T79/$C79 -> 0 | W79: =V79/I79 -> 0 | X79: =V79+T79+R79+P79+N79+L79+K79+J79+I79+H79+G79+F79 -> 14687.4 | Y79: =X79/D79 -> 1.072073
A80: Auditoria Contábil | B80: 22000 | C80: 1666.6667 | D80: 26000 | E80: =IFERROR((D80/B80)-1,0) -> 0.18181818 | F80: 3041.4 | G80: =353.43 -> 353.43 | H80: 520.91 | I80: 1703.71 | L80: 3411.09 | M80: =L80/C80 -> 2.046654 | N80: 3411.08 | O80: =N80/C80 -> 2.046648 | P80: 3411.08 | Q80: =P80/$C80 -> 2.046648 | R80: 3411.08 | S80: =R80/$C80 -> 2.046648 | U80: =T80/$C80 -> 0 | W80: =V80/I80 -> 0 | X80: =V80+T80+R80+P80+N80+L80+K80+J80+I80+H80+G80+F80 -> 19263.78 | Y80: =X80/D80 -> 0.74091462
A81: Salva Vidas | B81: 9500 | C81: 791.66667 | D81: =B81 -> 9500 | E81: =IFERROR((D81/B81)-1,0) -> 0 | M81: =L81/C81 -> 0 | O81: =N81/C81 -> 0 | Q81: =P81/$C81 -> 0 | S81: =R81/$C81 -> 0 | U81: =T81/$C81 -> 0 | W81: =V81/I81 -> #DIV/0! | X81: =V81+T81+R81+P81+N81+L81+K81+J81+I81+H81+G81+F81 -> 0 | Y81: =X81/D81 -> 0
A82: Colaboradores terceirizados (faxineira, jardineiro, porteiros) | B82: 114000 | C82: 30100 | D82: =C82*12 -> 361200 | E82: =IFERROR((D82/B82)-1,0) -> 2.1684211 | F82: =1634.36+30150.44 -> 31784.8 | G82: 33116.6 | I82: 32269 | J82: 34639 | K82: =10554.3+27564.7 -> 38119 | L82: 32259 | M82: =L82/C82 -> 1.0717276 | N82: 32269.01 | O82: =N82/C82 -> 1.0720601 | P82: 32269 | Q82: =P82/$C82 -> 1.0720598 | R82: 32268.99 | S82: =R82/$C82 -> 1.0720595 | T82: 32269 | U82: =T82/$C82 -> 1.0720598 | W82: =V82/I82 -> 0 | X82: =V82+T82+R82+P82+N82+L82+K82+J82+I82+H82+G82+F82 -> 331263.4 | Y82: =X82/D82 -> 0.91711905
A83: Outros (sistema /informática / site / serviços de terceiros) | B83: 50000 | C83: 7095.9278 | D83: =C83*12 -> 85151.133 | E83: =IFERROR((D83/B83)-1,0) -> 0.70302267 | F83: =4677.48-1634.36+3684.43 -> 6727.55 | G83: =13217.62-11160+2573.13 -> 4630.75 | H83: =2772.5+2787.12 -> 5559.62 | I83: =4374.37+2753.13-1634.36 -> 5493.14 | J83: =3732.3+3883.72 -> 7616.02 | K83: =2705.66+10325.1 -> 13030.76 | L83: =3584.1+1622.34 -> 5206.44 | M83: =L83/C83 -> 0.73372224 | N83: =2663.72+4002.5 -> 6666.22 | O83: =N83/C83 -> 0.93944305 | P83: =6001.45+2987.69 -> 8989.14 | Q83: =P83/$C83 -> 1.2668026 | R83: =4166.7+2613.35 -> 6780.05 | S83: =R83/$C83 -> 0.95548464 | U83: =T83/$C83 -> 0 | W83: =V83/I83 -> 0 | X83: =V83+T83+R83+P83+N83+L83+K83+J83+I83+H83+G83+F83 -> 70699.69 | Y83: =X83/D83 -> 0.83028478
A84: Outras Despesas Operacionais | B84: 46600 | C84: 4775.5511 | D84: =SUM(D85:D92) -> 57306.613 | E84: =IFERROR((D84/B84)-1,0) -> 0.22975565 | F84: =SUM(F85:F92) -> 2595.65 | G84: =SUM(G85:G92) -> 7061.54 | H84: =SUM(H85:H92) -> 2054.7 | I84: =SUM(I85:I92) -> 5122.54 | J84: =SUM(J85:J92) -> 3534.63 | K84: =SUM(K85:K92) -> 3147.28 | L84: =SUM(L85:L92) -> 1617.54 | M84: =L84/C84 -> 0.33871274 | N84: =SUM(N85:N92) -> 5560.03 | O84: =N84/C84 -> 1.1642698 | P84: =SUM(P85:P92) -> 3469.52 | Q84: =P84/$C84 -> 0.7265172 | R84: =SUM(R85:R92) -> 2550.7 | S84: =R84/$C84 -> 0.53411636 | T84: =SUM(T85:T92) -> 2033 | U84: =T84/$C84 -> 0.42571003 | V84: =SUM(V85:V92) -> 0 | W84: =V84/I84 -> 0 | X84: =SUM(X85:X92) -> 38747.13 | Y84: =X84/D84 -> 0.67613715
A85: Conduções, viagens, cópias | B85: 600 | C85: 50 | D85: =C85*12 -> 600 | E85: =IFERROR((D85/B85)-1,0) -> 0 | M85: =L85/C85 -> 0 | O85: =N85/C85 -> 0 | Q85: =P85/$C85 -> 0 | R85: =150 -> 150 | S85: =R85/$C85 -> 3 | U85: =T85/$C85 -> 0 | W85: =V85/I85 -> #DIV/0! | X85: =V85+T85+R85+P85+N85+L85+K85+J85+I85+H85+G85+F85 -> 150 | Y85: =X85/D85 -> 0.25
A86: Marketing (impressos diversos) | B86: 1100 | C86: 144.78444 | D86: =C86*12 -> 1737.4133 | E86: =IFERROR((D86/B86)-1,0) -> 0.57946667 | F86: 34.9 | G86: 250.64 | H86: 34.9 | J86: 69.8 | L86: 34.9 | M86: =L86/C86 -> 0.24104799 | N86: 237.5 | O86: =N86/C86 -> 1.6403696 | P86: 34.9 | Q86: =P86/$C86 -> 0.24104799 | R86: 34.9 | S86: =R86/$C86 -> 0.24104799 | T86: 289 | U86: =T86/$C86 -> 1.9960708 | W86: =V86/I86 -> #DIV/0! | X86: =V86+T86+R86+P86+N86+L86+K86+J86+I86+H86+G86+F86 -> 1021.44 | Y86: =X86/D86 -> 0.58790846
A87: Despesas Gerais (Lanches e refeições) | B87: 6900 | C87: 246.85 | D87: =C87*12 -> 2962.2 | E87: =IFERROR((D87/B87)-1,0) -> -0.57069565 | I87: 3229.37 | J87: 148.44 | M87: =L87/C87 -> 0 | N87: 292.1 | O87: =N87/C87 -> 1.1833097 | Q87: =P87/$C87 -> 0 | S87: =R87/$C87 -> 0 | U87: =T87/$C87 -> 0 | W87: =V87/I87 -> 0 | X87: =V87+T87+R87+P87+N87+L87+K87+J87+I87+H87+G87+F87 -> 3669.91 | Y87: =X87/D87 -> 1.2389136
A88: despesa de deslocamento, motoboy | B88: 1600 | C88: 196.55556 | D88: =C88*12 -> 2358.6667 | E88: =IFERROR((D88/B88)-1,0) -> 0.47416667 | F88: 300 | G88: 360 | H88: =504 -> 504 | I88: 528 | J88: 420 | K88: 972 | L88: 192 | M88: =L88/C88 -> 0.97682306 | N88: 156 | O88: =N88/C88 -> 0.79366874 | P88: =246.36+528 -> 774.36 | Q88: =P88/$C88 -> 3.9396495 | R88: =672 -> 672 | S88: =R88/$C88 -> 3.4188807 | T88: 494 | U88: =T88/$C88 -> 2.5132843 | W88: =V88/I88 -> 0 | X88: =V88+T88+R88+P88+N88+L88+K88+J88+I88+H88+G88+F88 -> 5372.36 | Y88: =X88/D88 -> 2.2777106
A89: Segurança (canil) e ração | B89: 3900 | C89: 270.75111 | D89: =C89*12 -> 3249.0133 | E89: =IFERROR((D89/B89)-1,0) -> -0.16691966 | F89: 339.5 | G89: 133.9 | H89: 175.9 | I89: 65 | J89: 413.89 | K89: 603.79 | L89: =140.64 -> 140.64 | M89: =L89/C89 -> 0.51944385 | N89: 411.8 | O89: =N89/C89 -> 1.5209541 | Q89: =P89/$C89 -> 0 | R89: 443.8 | S89: =R89/$C89 -> 1.6391438 | U89: =T89/$C89 -> 0 | W89: =V89/I89 -> 0 | X89: =V89+T89+R89+P89+N89+L89+K89+J89+I89+H89+G89+F89 -> 2728.22 | Y89: =X89/D89 -> 0.83970723
A90: compra de pequenos bens | B90: 10200 | C90: 2316.61 | D90: =C90*12 -> 27799.32 | E90: =IFERROR((D90/B90)-1,0) -> 1.7254235 | F90: 671.25 | G90: =5158.2-91.2 -> 5067 | H90: 89.9 | I90: 50.17 | J90: 1232.5 | K90: 321.49 | M90: =L90/C90 -> 0 | N90: 3212.63 | O90: =N90/C90 -> 1.3867807 | P90: =1499.99-89.73 -> 1410.26 | Q90: =P90/$C90 -> 0.60876021 | S90: =R90/$C90 -> 0 | U90: =T90/$C90 -> 0 | W90: =V90/I90 -> 0 | X90: =V90+T90+R90+P90+N90+L90+K90+J90+I90+H90+G90+F90 -> 12055.2 | Y90: =X90/D90 -> 0.4336509
A91: Outros (dedetização/headhunter,etc) | B91: 17300 | C91: 1250 | D91: =C91*12 -> 15000 | E91: =IFERROR((D91/B91)-1,0) -> -0.13294798 | F91: =1250 -> 1250 | G91: 1250 | H91: 1250 | I91: 1250 | J91: 1250 | K91: 1250 | L91: 1250 | M91: =L91/C91 -> 1 | N91: 1250 | O91: =N91/C91 -> 1 | P91: 1250 | Q91: =P91/$C91 -> 1 | R91: 1250 | S91: =R91/$C91 -> 1 | T91: 1250 | U91: =T91/$C91 -> 1 | W91: =V91/I91 -> 0 | X91: =V91+T91+R91+P91+N91+L91+K91+J91+I91+H91+G91+F91 -> 13750 | Y91: =X91/D91 -> 0.91666667
A92: Uniformes e Acessórios para venda | B92: 5000 | C92: 300 | D92: =C92*12 -> 3600 | E92: =IFERROR((D92/B92)-1,0) -> -0.28 | M92: =L92/C92 -> 0 | O92: =N92/C92 -> 0 | Q92: =P92/$C92 -> 0 | S92: =R92/$C92 -> 0 | U92: =T92/$C92 -> 0 | W92: =V92/I92 -> #DIV/0! | X92: =V92+T92+R92+P92+N92+L92+K92+J92+I92+H92+G92+F92 -> 0 | Y92: =X92/D92 -> 0
A93: Diretoria Social | B93: 105587.59 | C93: 10833.333 | D93: =D94 -> 130000 | E93: =IFERROR((D93/B93)-1,0) -> 0.23120529 | F93: =F94 -> 33886.56 | G93: =G94 -> 4630 | H93: =H94 -> 5184.7 | I93: =I94 -> 18332.95 | J93: =J94 -> 15321.8 | K93: =K94 -> 53752.27 | L93: =L94 -> 2383.48 | M93: =L93/C93 -> 0.22001354 | N93: =N94 -> 3779.48 | O93: =N93/C93 -> 0.34887508 | P93: =P94 -> 10896.34 | Q93: =P93/$C93 -> 1.005816 | R93: =R94 -> 3730.38 | S93: =R93/$C93 -> 0.34434277 | T93: =T94 -> 5490.3 | U93: =T93/$C93 -> 0.50679692 | V93: =V94 -> 0 | W93: =V93/I93 -> 0 | X93: =X94 -> 157388.26 | Y93: =X93/D93 -> 1.2106789
A94: Festas e Eventos | B94: 105587.59 | C94: 10833.333 | D94: =SUM(D95:D108) -> 130000 | E94: =IFERROR((D94/B94)-1,0) -> 0.23120529 | F94: =SUM(F95:F108) -> 33886.56 | G94: =SUM(G95:G108) -> 4630 | H94: =SUM(H95:H108) -> 5184.7 | I94: =SUM(I95:I108) -> 18332.95 | J94: =SUM(J95:J108) -> 15321.8 | K94: =SUM(K95:K108) -> 53752.27 | L94: =SUM(L95:L108) -> 2383.48 | M94: =L94/C94 -> 0.22001354 | N94: =SUM(N95:N108) -> 3779.48 | O94: =N94/C94 -> 0.34887508 | P94: =SUM(P95:P108) -> 10896.34 | Q94: =P94/$C94 -> 1.005816 | R94: =SUM(R95:R108) -> 3730.38 | S94: =R94/$C94 -> 0.34434277 | T94: =SUM(T95:T108) -> 5490.3 | U94: =T94/$C94 -> 0.50679692 | V94: =SUM(V95:V108) -> 0 | W94: =V94/I94 -> 0 | X94: =SUM(X95:X108) -> 157388.26 | Y94: =X94/D94 -> 1.2106789
A95: Festa Junina | B95: 41184 | C95: 3750 | D95: 45000 | E95: =IFERROR((D95/B95)-1,0) -> 0.092657343 | J95: =7178.44-98.09 -> 7080.35 | K95: 52252.27 | L95: 2200 | M95: =L95/C95 -> 0.58666667 | O95: =N95/C95 -> 0 | Q95: =P95/$C95 -> 0 | S95: =R95/$C95 -> 0 | U95: =T95/$C95 -> 0 | W95: =V95/I95 -> #DIV/0! | X95: =V95+T95+R95+P95+N95+L95+K95+J95+I95+H95+G95+F95 -> 61532.62 | Y95: =X95/D95 -> 1.3673916
A96: Oktoberfest | B96: 5616 | C96: 1250 | D96: 15000 | E96: =IFERROR((D96/B96)-1,0) -> 1.6709402 | I96: 904 | K96: 1050 | M96: =L96/C96 -> 0 | N96: 550 | O96: =N96/C96 -> 0.44 | P96: 9819.34 | Q96: =P96/$C96 -> 7.855472 | R96: 525 | S96: =R96/$C96 -> 0.42 | T96: 1756 | U96: =T96/$C96 -> 1.4048 | W96: =V96/I96 -> 0 | X96: =V96+T96+R96+P96+N96+L96+K96+J96+I96+H96+G96+F96 -> 14604.34 | Y96: =X96/D96 -> 0.97362267
A97: Festa de Fim de Ano | B97: 0 | C97: 0 | D97: 0 | E97: =IFERROR((D97/B97)-1,0) -> 0 | M97: =L97/C97 -> #DIV/0! | O97: =N97/C97 -> #DIV/0! | Q97: =P97/$C97 -> #DIV/0! | S97: =R97/$C97 -> #DIV/0! | U97: =T97/$C97 -> #DIV/0! | W97: =V97/I97 -> #DIV/0! | X97: =V97+T97+R97+P97+N97+L97+K97+J97+I97+H97+G97+F97 -> 0 | Y97: =X97/D97 -> #DIV/0!
A98: Hallowycsa | B98: 2121.6 | C98: 125 | D98: 1500 | E98: =IFERROR((D98/B98)-1,0) -> -0.29298643 | M98: =L98/C98 -> 0 | O98: =N98/C98 -> 0 | Q98: =P98/$C98 -> 0 | S98: =R98/$C98 -> 0 | U98: =T98/$C98 -> 0 | W98: =V98/I98 -> #DIV/0! | X98: =V98+T98+R98+P98+N98+L98+K98+J98+I98+H98+G98+F98 -> 0 | Y98: =X98/D98 -> 0
A99: Homenagens | B99: 7488 | C99: 1375 | D99: 16500 | E99: =IFERROR((D99/B99)-1,0) -> 1.2035256 | M99: =L99/C99 -> 0 | O99: =N99/C99 -> 0 | P99: 37 | Q99: =P99/$C99 -> 0.026909091 | S99: =R99/$C99 -> 0 | U99: =T99/$C99 -> 0 | W99: =V99/I99 -> #DIV/0! | X99: =V99+T99+R99+P99+N99+L99+K99+J99+I99+H99+G99+F99 -> 37 | Y99: =X99/D99 -> 0.0022424242
A100: Jantar do Comodoro | B100: 20000 | C100: 1666.6667 | D100: 20000 | E100: =IFERROR((D100/B100)-1,0) -> 0 | M100: =L100/C100 -> 0 | O100: =N100/C100 -> 0 | Q100: =P100/$C100 -> 0 | S100: =R100/$C100 -> 0 | T100: 3274.8 | U100: =T100/$C100 -> 1.96488 | W100: =V100/I100 -> #DIV/0! | X100: =V100+T100+R100+P100+N100+L100+K100+J100+I100+H100+G100+F100 -> 3274.8 | Y100: =X100/D100 -> 0.16374
A101: Páscoa | B101: 2079.9168 | C101: 208.33333 | D101: 2500 | E101: =IFERROR((D101/B101)-1,0) -> 0.20197116 | H101: 928 | I101: =3418.9-584 -> 2834.9 | J101: 849.2 | M101: =L101/C101 -> 0 | O101: =N101/C101 -> 0 | Q101: =P101/$C101 -> 0 | S101: =R101/$C101 -> 0 | U101: =T101/$C101 -> 0 | W101: =V101/I101 -> 0 | X101: =V101+T101+R101+P101+N101+L101+K101+J101+I101+H101+G101+F101 -> 4612.1 | Y101: =X101/D101 -> 1.84484
A102: Dia das Crianças | B102: 2079.9168 | C102: 416.66667 | D102: 5000 | E102: =IFERROR((D102/B102)-1,0) -> 1.4039423 | M102: =L102/C102 -> 0 | O102: =N102/C102 -> 0 | P102: 1040 | Q102: =P102/$C102 -> 2.496 | R102: 1432.2 | S102: =R102/$C102 -> 3.43728 | U102: =T102/$C102 -> 0 | W102: =V102/I102 -> #DIV/0! | X102: =V102+T102+R102+P102+N102+L102+K102+J102+I102+H102+G102+F102 -> 2472.2 | Y102: =X102/D102 -> 0.49444
A103: Carnaval | B103: 2079.9168 | C103: 125 | D103: 1500 | E103: =IFERROR((D103/B103)-1,0) -> -0.27881731 | G103: 750 | M103: =L103/C103 -> 0 | O103: =N103/C103 -> 0 | Q103: =P103/$C103 -> 0 | S103: =R103/$C103 -> 0 | U103: =T103/$C103 -> 0 | W103: =V103/I103 -> #DIV/0! | X103: =V103+T103+R103+P103+N103+L103+K103+J103+I103+H103+G103+F103 -> 750 | Y103: =X103/D103 -> 0.5
A104: Dia das mães | B104: 3107.52 | C104: 333.33333 | D104: 4000 | E104: =IFERROR((D104/B104)-1,0) -> 0.28720008 | J104: 3474.77 | M104: =L104/C104 -> 0 | O104: =N104/C104 -> 0 | Q104: =P104/$C104 -> 0 | S104: =R104/$C104 -> 0 | U104: =T104/$C104 -> 0 | W104: =V104/I104 -> #DIV/0! | X104: =V104+T104+R104+P104+N104+L104+K104+J104+I104+H104+G104+F104 -> 3474.77 | Y104: =X104/D104 -> 0.8686925
A105: Dia dos pais | B105: 3107.52 | C105: 208.33333 | D105: 2500 | E105: =IFERROR((D105/B105)-1,0) -> -0.19549995 | L105: 183.48 | M105: =L105/C105 -> 0.880704 | N105: 3229.48 | O105: =N105/C105 -> 15.501504 | Q105: =P105/$C105 -> 0 | S105: =R105/$C105 -> 0 | U105: =T105/$C105 -> 0 | W105: =V105/I105 -> #DIV/0! | X105: =V105+T105+R105+P105+N105+L105+K105+J105+I105+H105+G105+F105 -> 3412.96 | Y105: =X105/D105 -> 1.365184
A106: Natal | B106: 1747.2 | C106: 125 | D106: 1500 | E106: =IFERROR((D106/B106)-1,0) -> -0.14148352 | F106: =532.5+1829.38+31524.68 -> 33886.56 | G106: 3880 | M106: =L106/C106 -> 0 | O106: =N106/C106 -> 0 | Q106: =P106/$C106 -> 0 | R106: 1573.18 | S106: =R106/$C106 -> 12.58544 | U106: =T106/$C106 -> 0 | W106: =V106/I106 -> #DIV/0! | X106: =V106+T106+R106+P106+N106+L106+K106+J106+I106+H106+G106+F106 -> 39339.74 | Y106: =X106/D106 -> 26.226493
A107: Eventos Diversos | B107: 2496 | C107: 250 | D107: 3000 | E107: =IFERROR((D107/B107)-1,0) -> 0.20192308 | H107: 1779 | I107: =6518.2+459.91 -> 6978.11 | K107: 450 | M107: =L107/C107 -> 0 | O107: =N107/C107 -> 0 | Q107: =P107/$C107 -> 0 | R107: 200 | S107: =R107/$C107 -> 0.8 | T107: 459.5 | U107: =T107/$C107 -> 1.838 | W107: =V107/I107 -> 0 | X107: =V107+T107+R107+P107+N107+L107+K107+J107+I107+H107+G107+F107 -> 9866.61 | Y107: =X107/D107 -> 3.28887
...

Sheet Mensalidades
A1: Categorias | B1: Quantidade | C1: Valor mensalidade | D1: Total 2021 | E1: Total 2022 - 11,5% reajuste | F1: TX Obras | G1: Total | I1: TX Transf | J1: Título | K1: Total Tx Transf | L1: Total Título
A3: Proprietário | B3: 220 | C3: 748.62 | D3: =(C3*12)*B3 -> 1976356.8 | G3: =(F3*B3)*12 -> 0
A4: Proprietário individual | B4: 3 | C4: 648.97 | D4: =(C4*12)*B4 -> 23362.92 | G4: =(F4*B4)*12 -> 0
A5: Ausente | B5: 17 | C5: 374.31 | D5: =(C5*12)*B5 -> 76359.24 | G5: =(F5*B5)*12 -> 0
A6: Veterano Pagante 70% | B6: 2 | C6: 524.03 | D6: =(C6*12)*B6 -> 12576.72 | G6: =(F6*B6)*12 -> 0
A7: Veterano Pagante 50% | B7: 3 | C7: 374.31 | D7: =(C7*12)*B7 -> 13475.16 | G7: =(F7*B7)*12 -> 0
A8: Veterano Pagante 10% | B8: 4 | C8: 74.86 | D8: =(C8*12)*B8 -> 3593.28 | G8: =(F8*B8)*12 -> 0
A9: Remido | B9: 65 | D9: =(C9*12)*B9 -> 0
A10: Honorário Pagante | B10: 0 | D10: =(C10*12)*B10 -> 0
A11: Honorário não pagante | B11: 9 | D11: =(C11*12)*B11 -> 0
B12: =SUM(B3:B11) -> 323 | C12: TOTAL | D12: =SUM(D3:D11) -> 2105724.1 | E12: =(D12*11.5%)+D12 -> 2347882.4
I13: =2354880*88.5 -> 208406880
A14: Eportista | B14: 16 | C14: 374.31 | D14: =(C14*12)*B14 -> 71867.52 | E14: =D14*1.115 -> 80132.285 | G14: =(F14*B14)*12 -> 0 | I14: =I13/100 -> 2084068.8
G15: =SUM(G3:G14) -> 0
A34: Eportista | B34: 14 | C34: 301.06 | D34: =(C34*12)*B34 -> 50578.08

Sheet Concessionario
B1: Valor | C1: Meses | D1: Total
A2: Aluguel cheio | B2: 4000 | C2: 10 | D2: =C2*B2 -> 40000 | F2: demais meses
A3: Meio Aluguel | B3: 2000 | C3: 2 | D3: =C3*B3 -> 4000 | F3: meses Janeiro e Julho
A4: IPTU | B4: 2000 | C4: 12 | D4: =C4*B4 -> 24000
A5: Energia | B5: 950 | C5: 12 | D5: =C5*B5 -> 11400
D6: =SUM(D2:D5) -> 79400
